 Dungeon Crawl Stone Soup version 0.29-a0-823-gc37b1572da (webtiles) character file.

Game seed: 721159343580426121

269 hquester1 the Trooper (level 6, -1/62 HPs)
             Began as a Troll Fighter on July 8, 2022.
             Slain by a gnoll
             ... wielding a +0 club
              (6 damage)
             ... on level 3 of the Dungeon.
             The game lasted 00:07:12 (1761 turns).

hquester1 the Trooper (Troll Fighter)               Turns: 1761, Time: 00:07:12

Health: -1/62      AC:  5    Str: 25    XL:     6   Next: 1%
Magic:  5/5        EV:  9    Int:  4    God:
Gold:   127        SH:  8    Dex: 11    Spells: 5/5 levels left

rFire   . . .      SeeInvis .     - Unarmed
rCold   . . .      Faith    .   b - +0 kite shield
rNeg    . . .      Spirit   .   a - +0 robe
rPois   .          Reflect  .   (helmet restricted)
rElec   .          Harm     .   h - +0 cloak
rCorr   .          Rampage  .   (gloves unavailable)
Will    +....                   (boots unavailable)
Stlth   +.........              (no amulet)
HPRegen 1.00/turn               o - ring of willpower
MPRegen 0.09/turn               (no ring)

@: mighty
A: large, unfitting armour, claws 3, regeneration 1, shaggy fur 1, tough skin 1
a: no special abilities


You were on level 3 of the Dungeon.
You visited 1 branch of the dungeon, and saw 3 of its levels.

You collected 127 gold pieces.

Inventory:

Hand Weapons
 l - a +3 hand axe
Armour
 a - a +0 robe (worn)
 b - a +0 kite shield (worn)
 h - a +0 cloak (worn)
Jewellery
 o - a ring of willpower (left claw)
Scrolls
 e - a scroll of enchant weapon {unknown}
 g - a scroll of vulnerability {unknown}
 i - a scroll of amnesia {unknown}
 j - 2 scrolls of immolation {unknown}
 k - a scroll of fear {unknown}
 p - 2 scrolls of summoning {unknown}
 q - a scroll of teleportation {unknown}
 r - a scroll of identify {unknown}
 s - a scroll of magic mapping {unknown}
 v - a scroll of blinking {unknown}
Potions
 d - a potion of flight {unknown}
 f - 2 potions of heal wounds {unknown}
 m - 3 potions of curing {unknown}
 n - a potion of attraction {unknown}
 t - a potion of ambrosia {unknown}
 u - a potion of magic {unknown}


   Skills:
 * Level 3.9 Fighting
 + Level 1.2 Axes
 + Level 3.2 Dodging
 + Level 3.5 Shields
 + Level 3.1 Unarmed Combat


You had 5 spell levels left.
You didn't know any spells.
Your spell library was empty.

Dungeon Overview and Level Annotations

Branches:
Dungeon (3/15)

Altars:

Shops:
D:1 [*   D:3 =


Innate Abilities, Weirdness & Mutations

You are too large for most types of armour.
You have claws for hands.
Your natural rate of healing is unusually fast.
You are covered in fur. (AC +1)
You have tough skin. (AC +1)


Message History

2 gnolls come into view.
The gnoll shouts!
The gnoll moves out of view. x2
p - 2 scrolls labelled QUNKUL JAILIUD (gained 1)
You see here a +0 dagger.
The gnoll shouts!
A gnoll comes into view. It is wielding a +0 whip.
The gnoll hits you from afar with a +0 halberd!
The gnoll throws a throwing net.
You block the throwing net. The gnoll hits you with a +0 halberd!
You see here a throwing net.
You barely miss the gnoll. You block the gnoll's attack.
You barely miss the gnoll. The gnoll hits you but does no damage.
You block the gnoll's attack.
You barely miss the gnoll. The gnoll hits you with a +0 club.
The gnoll hits you with a +0 halberd!
You scratch the gnoll but do no damage. The gnoll hits you with a +0 club.
The gnoll hits you with a +0 halberd!
* * * LOW HITPOINT WARNING * * *
You barely miss the gnoll. The gnoll barely misses you.
You block the gnoll's attack.
You scratch the gnoll.
The gnoll is moderately wounded.
The gnoll closely misses you. The gnoll hits you with a +0 halberd!
* * * LOW HITPOINT WARNING * * *
The gnoll closely misses you. The gnoll hits you with a +0 halberd.
* * * LOW HITPOINT WARNING * * *
You feel very mighty all of a sudden. You block the gnoll's attack.
The gnoll completely misses you.
You claw the gnoll!
The gnoll is severely wounded.
The gnoll misses you. The gnoll closely misses you.
You closely miss the gnoll.
The gnoll is severely wounded.
The gnoll barely misses you. The gnoll hits you with a +0 halberd.
* * * LOW HITPOINT WARNING * * *
You closely miss the gnoll.
The gnoll is severely wounded.
The gnoll hits you with a +0 club.
You die...

.##
..#############
<..............
.###....###
#...###...##
.....####..####
..∩..#
##.)))####
.....#
####....#
#...## ####@#
.#### #gg# ##
##g.. #....
...... ##....
.... ...


You could see 3 gnolls.

Vanquished Creatures
  2 orc priests (D:3)
  A jelly (D:3)
  2 orc wizards (D:3)
  A gnoll (D:3)
  3 adders (D:2)
  A worm (D:2)
  3 dart slugs (D:1)
  6 orcs (D:3)
  6 bats (D:1)
  5 endoplasms
  4 giant cockroaches
  6 goblins
  5 hobgoblins
  7 jackals
  9 kobolds
  5 quokkas
  4 ball pythons
  2 frilled lizards
  4 rats
76 creatures vanquished.

Notes
Turn   | Place    | Note
-------+----------+-------------------------------------------
     0 | D:1      | hquester1 the Troll Fighter began the quest for the Orb.
     0 | D:1      | Reached XP level 1. HP: 22/22 MP: 0/0
    86 | D:1      | Reached XP level 2. HP: 29/29 MP: 1/1
   214 | D:1      | Found Tevuh's General Store.
   378 | D:1      | Reached XP level 3. HP: 36/36 MP: 2/2
   448 | D:1      | Found Bijowuuc's Antique Armour Boutique.
   558 | D:1      | Found a faded altar of an unknown god.
   919 | D:2      | Identified the +7 spear of Watchfulness {spect, rPois rF+}
  1029 | D:2      | Reached XP level 4. HP: 40/45 MP: 3/3
  1653 | D:3      | Found Saimehoxt's One-of-a-Kind Rings.
  1662 | D:3      | Reached XP level 5. HP: 46/53 MP: 4/4
  1720 | D:3      | Reached skill level 1 in Axes
  1744 | D:3      | Reached XP level 6. HP: 52/62 MP: 5/5
  1761 | D:3      | Slain by a gnoll

Illustrated notes

Levels and vault maps discovered:
D:1:      minmay_arrival_glassed_features, layout_loops_corners, serial_shops,
          nicolae_shop_behind_doors, nicolae_shop_crystal,
          shapermc_ecumenical_altar_mp_vishouse, minmay_pentomino_t4
D:2:      layout_basic, minmay_misc_feat_ornament,
          nicolae_concentric_dashed_squares_mild, corexii_leaking_fountain
D:3:      layout_rooms, mainiacjoe_overflow_small_starburst,
          nicolae_shop_unique_rings

Skill      XL: |  1  2  3  4  5 |
---------------+----------------+-----
Shields        | 3 |  3.5
Fighting       | 3 |  3.9
Dodging        | 3 |  3.2
Unarmed Combat | 3 |  3.1
Axes           | 1 |  1.2

Action                   |  1- 3 |  4- 6 || total
-------------------------+-------+-------++-------
Melee: Unarmed           |   104 |   115 ||   219
  Use: Potion            |       |     1 ||     1
 Stab: Sleeping          |     1 |       ||     1
Armor: Robe              |    23 |    26 ||    49
Dodge: Dodged            |    34 |    32 ||    66
Block: Kite shield       |    48 |    31 ||    79

Table legend: (Time is in decaauts)
 A = Elapsed time spent in this place.
 B = Non-inter-level travel time spent in this place.
 C = Inter-level travel time spent in this place.
 D = Time resting spent in this place.
 E = Time spent auto-exploring this place.
 F = Levels seen in this place.
 G = Mean time per level.
                   A        B        C        D        E       F      G
               +--------+--------+--------+--------+--------+-----+--------+
         Total |   1777 |   1711 |     66 |      0 |   1139 |   3 |  592.3 |
       Dungeon |   1777 |   1711 |     66 |      0 |   1139 |   3 |  592.3 |
               +--------+--------+--------+--------+--------+-----+--------+

Top non-repeatable levels by time:
     D:1: 912 daAuts
     D:2: 503 daAuts
     D:3: 360 daAuts
